 Dungeon Crawl Stone Soup version 0.27-a0-1191-g601b473118 (webtiles) character file.

Game seed: 12857941756182951454

4267 senseless the Fighter (level 10, -3/85 HPs)
             Began as a Demonspawn Monk on May 24, 2021.
             Was a Follower of Cheibriados.
             Slain by a wolf (9 damage)
             ... on level 8 of the Dungeon.
             The game lasted 00:23:20 (9573 turns).

senseless the Fighter (Demonspawn Monk)             Turns: 9573, Time: 00:23:20

Health: -3/85      AC:  7    Str: 16      XL:     10   Next: 10%
Magic:  11/11      EV: 20    Int: 14 (16) God:    Cheibriados [*.....]
Gold:   1329       SH:  0    Dex: 21      Spells: 9/9 levels left

rFire    . . .     SeeInvis .   o - +4 war axe of the Hungering Firefly {vamp, Int+3 Dex+2 Stlth+}
rCold    . . .     Faith    +   (no shield)
rNeg     . . .     Spirit   .   s - +0 robe {Archmagi}
rPois    .         Reflect  .   (helmet restricted)
rElec    .         Harm     .   f - +0 cloak
rCorr    .         Rampage  .   k - +0 pair of gloves
Will     .....                  (no boots)
Stlth    +++.......             b - amulet of faith
HPRegen  0.24/turn              j - +4 ring of evasion
MPRegen  0.12/turn              (no ring)

@: unable to read, very slow
A: horns 2, slimy green scales 2, foul stench 2, demonic magic 1, high mp 1,
passive freeze, wild magic 1, inability to read while threatened
a: Renounce Religion, Bend Time


You were on level 8 of the Dungeon.
You worshipped Cheibriados.
Cheibriados was aware of your devotion.
You visited 2 branches of the dungeon, and saw 9 of its levels.

You collected 1329 gold pieces.

Inventory:

Hand Weapons
 o - the +4 war axe of the Hungering Firefly (weapon) {vamp, Int+3 Dex+2 Stlth+}
   (You found it on level 5 of the Dungeon)

   It inflicts no extra harm, but heals its wielder when it wounds a living foe.
   It affects your intelligence (+3).
   It affects your dexterity (+2).
   It makes you more stealthy.
Missiles
 v - 2 throwing nets (quivered)
Armour
 a - a +0 robe
 f - a +0 cloak (worn)
 k - a +0 pair of gloves (worn)
 s - a +0 robe of the Archmagi (worn)
 w - a +2 scale mail of cold resistance
Jewellery
 b - an amulet of faith (around neck)
 j - a +4 ring of evasion (left hand)
 r - a ring of magical power
Wands
 e - a wand of paralysis (8)
 A - a wand of mindburst (9)
Scrolls
 h - 2 scrolls of magic mapping
 l - a scroll of amnesia
 u - a scroll of brand weapon
 y - a scroll of fog
Potions
 c - 3 potions of flight
 d - 3 potions of curing
 g - 2 potions of haste
 i - a potion of brilliance
 m - a potion of might
 n - a potion of lignification
 t - a potion of heal wounds
 x - a potion of cancellation {unknown}
 z - a potion of attraction {unknown}


   Skills:
 * Level 9.8 Fighting
 * Level 5.9 Axes
 + Level 6.5 Dodging
 - Level 1.7 Stealth
 + Level 6.5 Unarmed Combat


You had 9 spell levels left.
You didn't know any spells.
Your spell library was empty.

Dungeon Overview and Level Annotations

Branches:
Dungeon (8/15)             Temple (1/1) D:6            Lair (0/6) D:8

Altars:
Ashenzari
Cheibriados
Dithmenos
Elyvilon
Fedhas
Gozag
Kikubaaqudgha
Makhleb
Ru
Xom
Zin
The Shining One


Innate Abilities, Weirdness & Mutations

You have a pair of horns on your head.
You are mostly covered in slimy green scales. (AC +3)
You sometimes emit foul miasma when damaged in melee.
Spells you cast may paralyse adjacent enemies.
You have an increased reservoir of magic. (+10% MP)
A frigid envelope surrounds you and freezes all who hurt you.
Your spells are a little harder to cast, but a little more powerful.
You sometimes lose the ability to read scrolls when taking damage.


Message History

Things that are here:
a +0 troll leather armour; a troll skeleton You see here a hound skeleton.
You start resting.
You can read scrolls again.
You start resting.
An electric eel is nearby!
An electric eel is nearby!
You start resting.
An electric eel is nearby!
You start resting.
Xom twists space around you.
Your surroundings suddenly seem different.
Your surroundings suddenly seem different.
Your surroundings suddenly seem different.
Splash!
You fall into the shallow water.
Moving in this stuff is going to be slow.
A hound and 3 yaks come into view.
Okay, then.
A gnoll comes into view. It is wielding a +0 flail.
The gnoll shouts!
The yak bellows!
The wolf howls!
The yak bellows!
The hound barks!
The electric eel shoots out a bolt of lightning at you!
The bolt of electricity hits you!
* * * LOW HITPOINT WARNING * * *
The electric eel shoots out a bolt of lightning at you!
The bolt of electricity hits you!
You feel threatened and lose the ability to read scrolls!
* * * LOW HITPOINT WARNING * * *
The yak gores you but does no damage.
The yak is very cold.
The yak is moderately wounded.
The yak bellows!
You can read scrolls again.
The yak gores you but does no damage.
The yak is very cold.
The yak is moderately wounded.
The wolf bites you!
You feel threatened and lose the ability to read scrolls!
You die...
Xom giggles madly!

........... ≈≈...≈......
≈≈≈.≈.≈≈....
#.≈≈.≈≈≈.≈.≈≈...#
#...≈≈≈≈.≈≈≈≈≈..#
#....≈≈;g≈≈≈≈≈..#
#..≈≈≈≈;.Y≈≈≈...#######.
#..≈≈≈≈.Yg≈Y≈YY.@.......
#.≈≈≈≈.≈...≈≈≈.h.#####..
.≈≈≈≈≈≈.g≈.≈≈≈...#
.;≈≈≈≈.([...≈.≈≈.#
.≈≈≈≈≈..>.≈h≈≈......
#≈≈≈≈≈≈....≈≈≈.......
#≈;≈≈≈.≈.h.≈≈≈≈..####
#≈≈≈≈≈;≈≈≈≈≈≈....#
#h.≈≈≈≈≈≈≈≈≈≈...##


You could see 4 yaks, 2 wolves, a hound and a gnoll.

Vanquished Creatures
  Harold (D:7)
  Pikel (D:7)
  A komodo dragon (D:6)
  A troll (D:8)
  A wyvern (D:7)
  A steam dragon (D:8)
  Menkaure (D:7)
  A water moccasin (D:7)
  2 black bears
  2 orc warriors (D:6)
  A sky beast (D:5)
  2 ice beasts
  3 ogres
  A wolf (D:8)
  2 centaurs
  The ghost of Terminal the Changer, an amateur OpTm (D:3)
  A lemure (D:7)
  A bullfrog (D:7)
  A scorpion (D:6)
  2 centaur zombies (D:5)
  A jelly (D:5)
  A bullfrog skeleton (D:4)
  5 hounds
  An orc priest (D:6)
  Crazy Yiuf (D:7)
  2 centaur skeletons
  Natasha (thrice) (D:2)
  An iguana (D:6)
  3 orc wizards
  A killer bee zombie (D:8)
  4 gnolls (D:6)
  A howler monkey skeleton (D:6)
  A howler monkey zombie (D:6)
  8 adders
  A white imp (D:7)
  3 worms
  2 dart slugs
  15 orcs
  5 bats
  7 endoplasms
  2 giant cockroaches
  4 goblins
  10 hobgoblins
  7 jackals
  6 kobolds
  7 quokkas
  3 ball pythons (D:1)
  4 frilled lizards
  3 rats
139 creatures vanquished.

Vanquished Creatures (others)
  An orc wizard (D:7)
1 creature vanquished.

Grand Total: 140 creatures vanquished

Notes
Turn   | Place    | Note
-------+----------+-------------------------------------------
     0 | D:1      | senseless the Demonspawn Monk began the quest for the Orb.
     0 | D:1      | Reached XP level 1. HP: 18/18 MP: 1/1
   473 | D:1      | Gained mutation: You have a pair of small horns on your
                  | head. [demonic ancestry]
   473 | D:1      | Reached XP level 2. HP: 24/24 MP: 2/2
  1034 | D:2      | Found a blossoming altar of Fedhas.
  1034 | D:2      | Noticed Natasha
  1182 | D:2      | Killed Natasha
  1183 | D:2      | Gained mutation: You are partially covered in slimy green
                  | scales. (AC +2) [demonic ancestry]
  1183 | D:2      | Reached XP level 3. HP: 12/30 MP: 3/3
  1453 | D:2      | Reached skill level 4 in Fighting
  1484 | D:2      | Gained mutation: You are mostly covered in slimy green
                  | scales. (AC +3) [demonic ancestry]
  1484 | D:2      | Reached XP level 4. HP: 26/37 MP: 4/4
  2164 | D:2      | Noticed Natasha
  2178 | D:2      | Killed Natasha
  2262 | D:2      | Noticed Natasha
  2478 | D:2      | Killed Natasha
  2479 | D:2      | Gained mutation: You may rarely emit foul miasma when
                  | damaged in melee. [demonic ancestry]
  2479 | D:2      | Reached XP level 5. HP: 35/43 MP: 5/5
  2534 | D:2      | Gained mutation: You are agile. (Dex +2) [potion of
                  | mutation]
  2535 | D:2      | Lost mutation: You are agile. (Dex +2) [potion of mutation]
  2535 | D:2      | Gained mutation: You possess an exceptional clarity of
                  | mind. [potion of mutation]
  2535 | D:2      | Gained mutation: You are robust. (+10% HP) [potion of
                  | mutation]
  2586 | D:3      | Found a large runed translucent door.
  2586 | D:3      | Found a large runed translucent door.
  2586 | D:3      | Noticed a centaur
  2598 | D:3      | Killed a centaur
  2599 | D:3      | Reached skill level 5 in Fighting
  2880 | D:3      | Noticed Terminal's ghost (amateur OpTm)
  3048 | D:3      | Gained mutation: You have a pair of horns on your head.
                  | [demonic ancestry]
  3048 | D:3      | Reached XP level 6. HP: 53/56 MP: 6/6
  3111 | D:3      | Found an ancient bone altar of Kikubaaqudgha.
  3262 | D:3      | Found a faded altar of an unknown god.
  3271 | D:3      | Became a worshipper of Xom of Chaos
  3671 | D:3      | Lost mutation: You possess an exceptional clarity of mind.
                  | [potion of mutation]
  3671 | D:3      | Lost mutation: You are robust. (+10% HP) [potion of
                  | mutation]
  3671 | D:3      | Gained mutation: Your mind is acute. (Int +2) [potion of
                  | mutation]
  3671 | D:3      | Gained mutation: Your spells are a little harder to cast,
                  | but a little more powerful. [potion of mutation]
  3671 | D:3      | Gained mutation: You have an increased reservoir of magic.
                  | (+10% MP) [potion of mutation]
  3671 | D:3      | Gained mutation: A frigid envelope surrounds you and
                  | freezes all who hurt you. [potion of mutation]
  3681 | D:3      | Killed Terminal's ghost
  3779 | D:3      | XOM: cloud trail
  3821 | D:3      | XOM: noise
  3833 | D:4      | Found a blossoming altar of Fedhas.
  4158 | D:4      | XOM: summons 3 friendly demons
  4468 | D:4      | XOM: summons 1 hostile shadow creature
  4547 | D:4      | Found a shadowy altar of Dithmenos.
  4962 | D:4      | XOM: silly message
  5005 | D:5      | Entered Level 5 of the Dungeon
  5070 | D:5      | Reached skill level 6 in Fighting
  5094 | D:5      | Reached XP level 7. HP: 54/58 MP: 7/7
  5332 | D:5      | XOM: cleaving
  5480 | D:5      | Reached skill level 7 in Fighting
  5542 | D:5      | Reached skill level 5 in Dodging
  5603 | D:5      | XOM: summons 2 hostile shadow creatures
  5668 | D:5      | XOM: god gift: 947 gold pieces
  5795 | D:5      | Identified the +4 war axe of the Hungering Firefly {vamp,
                  | Int+3 Dex+2 Stlth+}
  5863 | D:5      | XOM: cloud trail
  5981 | D:5      | Reached XP level 8. HP: 67/67 MP: 8/8
  6040 | D:6      | Reached skill level 5 in Unarmed Combat
  6115 | D:6      | XOM: scenery: 3 doors open
  6252 | D:6      | Reached skill level 1 in Axes
  6343 | D:6      | XOM: divination: detect creatures
  6349 | D:6      | XOM: confusion
  6352 | D:6      | XOM: summons friendly crimson imp
  6520 | D:6      | Noticed a komodo dragon
  6523 | D:6      | XOM: divination: detect items
  6528 | D:6      | XOM: confusion
  6530 | D:6      | Killed a komodo dragon
  6531 | D:6      | Reached skill level 8 in Fighting
  6552 | D:6      | XOM: smoke on damage
  6552 | D:6      | XOM: torment (7/68 hp)
  6738 | D:6      | XOM: 3-stop teleportation journey
  7148 | D:6      | XOM: 10-stop teleportation journey
  7177 | D:6      | XOM: chaos cloud
  7181 | D:6      | XOM: summons 3 hostile demons
  7325 | D:6      | Found a staircase to the Ecumenical Temple.
  7385 | Temple   | Entered the Ecumenical Temple
  7428 | Temple   | XOM: summons 3 hostile demons
  7442 | Temple   | Fell from the grace of Xom
  7442 | Temple   | Became a worshipper of Cheibriados the Contemplative
  7592 | D:7      | Noticed Pikel
  7603 | D:7      | Killed Pikel
  7604 | D:7      | Gained mutation: Spells you cast may paralyse adjacent
                  | enemies. [demonic ancestry]
  7604 | D:7      | Reached XP level 9. HP: 39/75 MP: 9/9
  7900 | D:7      | Reached skill level 9 in Fighting
  7937 | D:7      | Found a burning altar of Makhleb.
  7975 | D:7      | Noticed Harold
  7984 | D:7      | Killed Harold
  7985 | D:7      | Reached skill level 5 in Axes
  8027 | D:7      | XOM: give mutations
  8027 | D:7      | Gained mutation: You sometimes lose the ability to read
                  | scrolls when taking damage. [Xom's mischief]
  8027 | D:7      | Lost mutation: Your mind is acute. (Int +2) [Xom's
                  | mischief]
  8063 | D:7      | Noticed Menkaure
  8070 | D:7      | Killed Menkaure
  8419 | D:7      | XOM: stat loss: -3 Int (12/15)
  8582 | D:7      | Found a runed translucent door.
  8583 | D:7      | Noticed Crazy Yiuf
  8815 | D:7      | XOM: summons 1 hostile demon
  8866 | D:7      | Killed Crazy Yiuf
  9142 | D:8      | Noticed a troll
  9156 | D:8      | Killed a troll
  9157 | D:8      | Gained mutation: You sometimes emit foul miasma when
                  | damaged in melee. [demonic ancestry]
  9157 | D:8      | Reached XP level 10. HP: 20/84 MP: 11/11
  9189 | D:8      | Reached * piety under Cheibriados
  9499 | D:8      | Found a staircase to the Lair.
  9569 | D:8      | Found a sacrificial altar of Ru.
  9569 | D:8      | XOM: 3-stop teleportation journey
  9573 | D:8      | Slain by a wolf

Illustrated notes

Levels and vault maps discovered:
D:1:      dpeg_arrival_chambers_temple_mockup, layout_loops_ring
D:2:      layout_basic, basic_altar, minmay_tetromino_o2, uniq_natasha
D:3:      layout_basic, lemuel_round_altar, ebering_ghost_disaster_area,
          shapermc_ecumenical_altar_mp_urbaneastern
D:4:      layout_basic, general_overflow_altar,
          grunt_dithmenos_smoke_and_mirrors, serial_bayou,
          serial_bayou_crossing, serial_bayou_ford_a, serial_bayou_pond_d,
          serial_bayou_pond_e, serial_bayou_pond_d, serial_bayou_lake_a
D:5:      layout_loops_ring, good_gods_temple_1
D:6:      layout_basic, minmay_temple_entry_enclosed_plants,
          kennysheep_small_square
D:7:      layout_loops_ring, marbit_many_paths, uniq_menkaure, uniq_pikel,
          uniq_harold, uniq_crazy_yiuf_cottage
D:8:      layout_loops_cross, overflow_temple_1_default, erik_lair_island,
          minmay_three_doors
Temple:   nicolae_temple_figure_zero

Skill      XL: |  1  2  3  4  5  6  7  8  9 |
---------------+----------------------------+-----
Dodging        | 3 4 5 6 |  6.5
Unarmed Combat | 3 4 5 6 |  6.5
Fighting       | 4 5 6 7 8 9 |  9.8
Axes           | 4 5 |  5.9
Stealth        | |  1.7

Action                   |  1- 3 |  4- 6 |  7- 9 | 10-12 || total
-------------------------+-------+-------+-------+-------++-------
Melee: Unarmed           |    92 |   205 |    36 |       ||   333
       Punch             |     3 |     3 |     8 |       ||    14
       Headbutt          |     9 |    29 |    50 |     2 ||    90
       War axe           |       |       |   145 |    18 ||   163
  Use: Scroll            |       |    11 |     4 |       ||    15
       Potion            |       |     3 |       |       ||     3
 Stab: Sleeping          |     3 |     5 |     6 |       ||    14
       Distracted        |       |       |     1 |       ||     1
       Invisible         |       |       |     1 |       ||     1
Armor: Robe              |    22 |    38 |    43 |     9 ||   112
Dodge: Dodged            |    61 |   130 |   201 |    22 ||   414

Table legend: (Time is in decaauts)
 A = Elapsed time spent in this place.
 B = Non-inter-level travel time spent in this place.
 C = Inter-level travel time spent in this place.
 D = Time resting spent in this place.
 E = Time spent auto-exploring this place.
 F = Levels seen in this place.
 G = Mean time per level.
                   A        B        C        D        E       F      G
               +--------+--------+--------+--------+--------+-----+--------+
         Total |  10001 |   9714 |    287 |   1813 |   6616 |   9 | 1111.2 |
       Dungeon |   9927 |   9654 |    273 |   1813 |   6574 |   8 | 1240.9 |
        Temple |     73 |     59 |     14 |      0 |     42 |   1 |   73.0 |
               +--------+--------+--------+--------+--------+-----+--------+

Top non-repeatable levels by time:
     D:7: 1678 daAuts
     D:6: 1401 daAuts
     D:2: 1400 daAuts
     D:3: 1260 daAuts
     D:4: 1228 daAuts
     D:1: 1161 daAuts
     D:5: 1087 daAuts
     D:8: 707 daAuts
  Temple: 73 daAuts
